Map: Iron Fortress LE (Void)

Players

aGiLe

  • Race: Zerg Zerg

Gretorp - Winner!

  • Race: Protoss Protoss

VOD

http://www.twitch.tv/gretorptv

Description

Time

  • Played on: April 6, 2015, 5:23 p.m.
  • Length: 6:40
Show
View Real Time Build Order
Export as new Build Order

aGiLe Zerg 

Build Orders: Hatch First 

Get SALT Encoding   

  12  0:01  Drone  
  13  0:11  Drone  
  14  0:18  Overlord  
  14  0:36  Drone x3  
  18  0:57  Drone  
  18  1:01  Hatchery  
  17  1:16  Drone  
  18  1:20  Hatchery  
  17  1:34  Drone  
  18  1:48  Hatchery  
  17  2:02  Spawning Pool  
  17  2:03  Drone  
  17  2:07  Drone  
  18  2:11  Drone  
  19  2:15  Drone  
  19  2:18  Drone  
  21  2:25  Drone x2  
  23  2:35  Drone  
  23  2:36  Drone  
  25  2:39  Drone  
  25  2:43  Overlord  
  26  2:50  Queen  
  28  2:54  Queen  
  30  3:00  Queen  
  32  3:06  Queen  
  32  3:11  Drone x2  
  36  3:13  Drone  
  36  3:14  Drone  
  36  3:18  Drone x2  
  40  3:21  Drone  
  40  3:25  Drone x2  
  43  3:34  Drone x2  
  46  3:41  Drone x2  
  46  3:42  Overlord x3  
  46  3:47  Spore Crawler  
  48  3:48  Drone x2  
  48  3:51  Spore Crawler  
  47  4:03  Drone x4  
  47  4:05  Spore Crawler  
  47  4:07  Spore Crawler, Queen  
  52  4:10  Drone x3  
  52  4:11  Drone x2  
  52  4:14  Drone  
  57  4:21  Drone x2  
  57  4:22  Extractor x2  
  57  4:23  Extractor  
  57  4:24  Drone x3, Extractor  
  58  4:26  Drone x2  
  58  4:29  Drone  
  58  4:30  Drone  
  62  4:36  Drone x2, Queen  
  66  4:47  Evolution Chamber  
  66  4:48  Evolution Chamber x2  
  66  4:51  Drone x4  
  66  4:52  Drone x2  
  69  5:02  Drone x3  
  69  5:03  Overlord  
  72  5:18  Zergling x2  
  72  5:23  Zergling x14  
  72  5:24  Zergling x2  
  73  5:44  Zergling x10  
  73  5:46  Overlord x2  
  80  6:04  Queen x3  
  77  6:10  Zergling x2  
  77  6:11  Zergling x16  
Show
View Real Time Build Order
Export as new Build Order

Gretorp Protoss - Winner!

Build Orders:  

Get SALT Encoding   

  12  0:00  Probe  
  13  0:15  Pylon  
  13  0:17  Probe  
  14  0:33  Probe (Chrono Boost)  
  16  0:43  Probe (Chrono Boost)  
  16  0:50  Probe  
  18  1:08  Nexus  
  17  1:12  Gateway  
  17  1:18  Assimilator  
  17  1:21  Probe  
  17  1:33  Probe (Chrono Boost)  
  17  1:34  Assimilator  
  18  1:45  Probe (Chrono Boost)  
  19  1:51  Probe (Chrono Boost)  
  20  2:02  Probe  
  20  2:08  Cybernetics Core  
  22  2:15  Probe (Chrono Boost)  
  22  2:20  Probe (Chrono Boost)  
  22  2:21  Pylon  
  22  2:22  Zealot  
  25  2:27  Probe (Chrono Boost)  
  27  2:31  Probe (Chrono Boost)  
  27  2:34  Probe (Chrono Boost)  
  28  2:37  Probe (Chrono Boost)  
  29  2:45  Warp Gate (Chrono Boost)  
  29  2:49  Probe x2 (Chrono Boost), Stargate  
  31  2:54  Stalker (Chrono Boost)  
  33  3:02  Probe (Chrono Boost)  
  35  3:06  Pylon  
  35  3:07  Probe (Chrono Boost)  
  35  3:11  Probe (Chrono Boost)  
  36  3:14  Probe (Chrono Boost)  
  36  3:19  Probe  
  38  3:26  Probe  
  39  3:31  Probe  
  39  3:33  Void Ray (Chrono Boost)  
  44  3:38  Probe  
  45  3:42  Pylon  
  45  3:43  Probe  
  45  3:47  Gateway x2  
  46  3:52  Gateway  
  46  4:04  Gateway  
  46  4:08  Void Ray (Chrono Boost)  
  50  4:19  Pylon  
  50  4:30  Pylon  
  50  4:35  Pylon  
  50  4:44  Void Ray (Chrono Boost)  
  54  4:46  Gateway  
  54  4:47  Stalker x3  
  60  5:00  Stalker  
  60  5:05  Stalker  
  60  5:06  Zealot  
  66  5:20  Zealot x3  
  72  5:23  Zealot  
  73  5:45  Zealot x4  
  73  5:46  Zealot  
  83  5:50  Pylon  
  83  5:53  Pylon  
  83  5:58  Pylon  
  83  6:02  Pylon  
  83  6:11  Stalker x3  
  89  6:12  Stalker x3  
  91  6:38  Zealot x6  
Tags
 
Add a new tag
Caveats
  • Supply blocks, unpowered buildings, or Contaminate may cause inaccurate times.
  • Supply counts are checked every 10 seconds.